Map: Incorporeal LE

Players

LigerMaNN - Winner!

  • Race: Zerg Zerg
  • League: Diamond
  • Spawn Location: 11:00

A.I. 1 (Elite)

  • Race: Terran Terran
  • Spawn Location: 5:00

VOD

Have the link to the VOD?

Description

Time

  • Played on: June 30, 2025, 11:11 p.m.
  • Length: 22:49
Show
View Real Time Build Order
Export as new Build Order

LigerMaNN Zerg - Winner!

Build Orders: Hatch First 

Get SALT Encoding   

  12  0:01  Drone  
  13  0:13  Overlord  
  13  0:19  Drone  
  14  0:31  Drone  
  14  0:32  Drone  
  17  0:35  Drone  
  17  0:51  Hatchery  
  17  0:54  Drone  
  17  0:57  Drone  
  18  1:08  Extractor  
  17  1:12  Spawning Pool  
  17  1:16  Drone  
  17  1:19  Drone  
  18  1:30  Drone  
  19  1:41  Drone  
  20  1:52  Drone  
  21  2:01  Overlord  
  21  2:09  Queen x2  
  21  2:10  Zergling x2  
  26  2:19  Metabolic Boost  
  26  2:25  Hatchery  
  25  2:32  Zergling x6  
  25  2:34  Drone  
  29  2:38  Drone  
  30  2:52  Drone x2  
  30  2:53  Drone  
  30  2:55  Queen  
  35  3:00  Overlord  
  35  3:06  Overlord  
  34  3:16  Drone x2  
  36  3:31  Queen  
  36  3:34  Drone  
  36  3:35  Drone x5  
  36  3:41  Drone x2  
  43  3:43  Lair  
  43  3:49  Extractor  
  43  3:53  Drone x2  
  43  3:54  Drone  
  43  3:55  Drone x3  
  48  3:57  Drone  
  49  4:07  Queen  
  51  4:13  Queen  
  51  4:16  Drone  
  51  4:17  Drone x3  
  57  4:18  Drone  
  58  4:28  Evolution Chamber  
  58  4:30  Evolution Chamber  
  56  4:31  Baneling Nest  
  56  4:32  Drone  
  56  4:34  Drone x2  
  56  4:36  Overlord  
  56  4:37  Overlord  
  58  4:59  Hatchery  
  57  5:03  Zerg Melee Weapons Level 1, Hatchery  
  57  5:04  Zerg Ground Armor Level 1  
  57  5:05  Drone  
  57  5:06  Drone x3  
  60  5:07  Drone  
  60  5:08  Drone  
  60  5:10  Drone  
  60  5:11  Drone  
  64  5:16  Queen  
  64  5:20  Queen  
  68  5:28  Drone  
  69  5:33  Zergling x10  
  74  5:36  Overlord x3  
  74  5:53  Hydralisk Den  
  74  5:55  Zergling x14  
  74  5:56  Zergling x12  
  86  6:08  Zergling x8  
  86  6:10  Overseer  
  90  6:12  Baneling  
  90  6:13  Baneling x9  
  90  6:25  Zergling x14  
  97  6:31  Drone x3, Extractor  
  97  6:32  Extractor  
  98  6:33  Drone  
  98  6:34  Drone x3  
  98  6:39  Muscular Augments  
  102  6:41  Zergling x10  
  107  6:51  Drone  
  107  6:52  Drone x2, Extractor  
  107  6:53  Drone, Extractor  
  107  6:54  Drone  
  110  6:59  Overlord x4  
  110  7:07  Zerg Melee Weapons Level 2  
  110  7:15  Zerg Ground Armor Level 2  
  110  7:18  Drone x3  
  110  7:20  Drone  
  114  7:25  Drone x11  
  125  7:35  Hydralisk x2  
  125  7:36  Hydralisk x4  
  137  7:39  Zergling x2  
  138  7:45  Grooved Spines  
  138  7:47  Drone x4  
  142  8:02  Overlord x2  
  142  8:03  Overlord x4  
  109  8:35  Zergling x22  
  109  8:36  Zergling x16  
  124  9:00  Infestation Pit  
  124  9:01  Drone  
  124  9:02  Drone x2, Extractor  
  125  9:03  Drone x3, Extractor  
  125  9:04  Hydralisk x7  
  125  9:09  Spire  
  140  9:14  Zergling x10  
  140  9:15  Baneling  
  140  9:16  Baneling x25  
  145  9:18  Zergling x8  
  145  9:21  Zergling x8  
  153  9:47  Zergling x20  
  153  9:48  Zergling x12  
  153  9:49  Zergling x4  
  171  10:07  Hydralisk x9  
  171  10:09  Overlord x3  
  171  10:10  Overlord x2  
  171  10:14  Centrifugal Hooks  
  189  10:17  Hive  
  189  10:22  Zerg Flyer Weapons Level 1  
  189  10:54  Zergling x8  
  189  10:55  Zergling x14  
  137  11:34  Zergling x26  
  137  11:35  Zergling x46  
  172  11:52  Drone x4  
  176  11:56  Baneling x23  
  176  11:57  Baneling x7  
  176  12:01  Adrenal Glands  
  176  12:07  Ultralisk Cavern  
  175  12:27  Zerg Melee Weapons Level 3  
  175  12:28  Zerg Ground Armor Level 3  
  175  12:35  Zergling x32  
  175  12:36  Zergling x18  
  199  13:04  Unknown  
  169  13:22  Zergling x34  
  169  13:23  Zergling x30  
  200  13:28  Chitinous Plating  
  190  13:39  Hatchery, Extractor x2  
  190  13:40  Spore Crawler  
  190  13:41  Spore Crawler x2  
  185  13:44  Spine Crawler  
  185  13:45  Spine Crawler  
  182  13:56  Zergling x16  
  182  13:57  Zergling x20  
  153  14:43  Ultralisk x4  
  153  14:44  Ultralisk x3  
  195  14:47  Anabolic Synthesis  
  195  15:04  Drone x5  
  200  15:09  Baneling x12  
  200  15:10  Baneling x11  
  183  16:01  Corruptor  
  183  16:02  Corruptor x9  
  198  16:11  Zergling x12  
  191  16:20  Zergling x12  
  191  16:21  Zergling x6  
  200  16:27  Baneling x5  
  168  17:43  Zergling x40  
  168  17:44  Zergling x18  
  197  17:46  Baneling x10  
  197  17:47  Hatchery  
  190  17:56  Extractor x2  
  182  18:01  Spine Crawler x2  
  182  18:02  Spine Crawler x2  
  172  18:06  Spine Crawler  
  150  18:37  Baneling x12  
  150  18:38  Baneling x14  
  150  18:39  Zergling x24  
  150  18:40  Zergling x34  
  179  18:43  Hydralisk  
  181  18:59  Ultralisk  
  181  19:00  Ultralisk x2  
  199  20:06  Baneling x7  
  199  20:07  Baneling x29  
  199  20:08  Baneling x30  
  199  20:09  Baneling x13  
  197  20:52  Hatchery  
  182  21:39  Corruptor x8  
  180  21:40  Corruptor x3  
Show
View Real Time Build Order
Export as new Build Order

A.I. 1 (Elite) Terran 

Build Orders:  

Get SALT Encoding   

  12  0:00  SCV  
  13  0:13  SCV  
  14  0:18  Supply Depot  
  14  0:25  SCV  
  15  0:39  SCV  
  16  0:43  Barracks  
  16  0:51  SCV  
  17  1:03  SCV  
  18  1:09  Refinery  
  18  1:11  Supply Depot  
  18  1:15  SCV  
  19  1:28  SCV  
  19  1:32  Marine  
  21  1:40  Command Center  
  21  2:03  Barracks  
  21  2:05  SCV  
  21  2:08  Marine  
  23  2:12  Factory  
  23  2:17  SCV  
  23  2:21  Supply Depot  
  24  2:27  Marine  
  24  2:29  SCV  
  26  2:41  SCV  
  27  2:45  Marine  
  28  2:53  Orbital Command, SCV  
  28  2:56  Factory Tech Lab  
  29  3:03  Refinery  
  29  3:09  Orbital Command  
  29  3:12  Marine  
  30  3:14  Marine  
  32  3:20  SCV  
  32  3:30  Marine  
  32  3:32  Marine, SCV  
  34  3:35  SCV  
  35  3:44  Barracks, SCV  
  35  3:47  SCV  
  35  3:48  Marine  
  38  3:50  Marine  
  39  3:56  Starport, SCV  
  39  3:59  SCV  
  41  4:06  Barracks Tech Lab  
  41  4:08  SCV  
  41  4:09  Barracks Tech Lab  
  42  4:11  SCV  
  43  4:19  Supply Depot  
  43  4:20  SCV  
  43  4:23  Marine, Combat Shield, SCV  
  46  4:26  Marine  
  46  4:27  Stimpack  
  46  4:30  Marine  
  48  4:31  Medivac  
  48  4:32  SCV  
  51  4:39  SCV  
  51  4:41  Marine  
  51  4:42  Supply Depot  
  51  4:44  Marine, SCV  
  55  4:48  Marine  
  55  4:49  Supply Depot  
  56  4:54  SCV  
  56  4:57  SCV  
  56  4:59  Marine  
  59  5:03  Marauder, Refinery  
  59  5:06  Marine, SCV  
  63  5:08  Refinery  
  63  5:09  SCV  
  64  5:17  Marauder  
  64  5:18  Engineering Bay, SCV  
  67  5:21  SCV  
  67  5:24  Marauder  
  67  5:26  Command Center, Engineering Bay  
  67  5:27  Barracks Reactor  
  70  5:30  SCV  
  71  5:41  Supply Depot  
  71  5:42  Marauder  
  73  5:43  SCV  
  73  5:44  Terran Infantry Weapons Level 1, SCV  
  77  5:50  Marauder  
  77  5:51  Terran Infantry Armor Level 1  
  77  5:55  SCV  
  77  5:56  SCV  
  78  6:03  Marauder  
  78  6:04  Missile Turret  
  80  6:05  Supply Depot  
  80  6:07  SCV, Siege Tank  
  80  6:09  SCV  
  85  6:17  Missile Turret  
  85  6:22  Barracks, Starport Reactor  
  85  6:27  Marauder  
  85  6:30  Supply Depot  
  87  6:34  Marauder, Concussive Shells  
  87  6:39  Siege Tank  
  92  6:40  Missile Turret, SCV  
  92  6:41  SCV x2  
  95  6:48  Marauder  
  95  6:52  SCV  
  99  6:54  SCV  
  99  6:55  Marauder, SCV  
  99  6:56  Supply Depot  
  99  6:58  Medivac  
  104  7:04  SCV  
  104  7:05  Missile Turret  
  104  7:06  SCV  
  104  7:07  Missile Turret  
  104  7:08  SCV  
  107  7:11  Siege Tank  
  107  7:12  Marauder  
  112  7:16  SCV  
  112  7:17  Marauder  
  112  7:19  Orbital Command  
  112  7:20  Supply Depot, SCV  
  116  7:28  SCV  
  117  7:30  Missile Turret  
  117  7:32  SCV  
  118  7:38  Medivac  
  118  7:39  Missile Turret  
  118  7:40  SCV  
  118  7:41  Missile Turret  
  118  7:43  Factory  
  118  7:44  Supply Depot, Widow Mine  
  123  7:45  SCV  
  123  7:46  Command Center  
  124  7:53  SCV  
  124  7:55  SCV  
  126  8:00  Armory  
  126  8:05  Siege Tank  
  129  8:07  Marine  
  129  8:08  Supply Depot, Marine  
  129  8:09  SCV  
  129  8:10  Marine  
  132  8:23  Missile Turret, Marine x2  
  132  8:25  Marine  
  132  8:26  Marine, Widow Mine  
  128  8:28  Marine  
  101  8:37  Hellion  
  101  8:38  Medivac  
  101  8:40  Medivac  
  101  8:41  Marine x2  
  96  8:44  Marauder x2  
  96  8:46  Terran Infantry Weapons Level 2, Marine  
  96  8:47  Starport, Widow Mine  
  100  8:51  Refinery  
  100  8:56  Hi-Sec Auto Tracking  
  100  8:58  Marine  
  100  8:59  Hellion, SCV  
  100  9:00  Marine, SCV  
  106  9:05  Marauder, Refinery, Marine  
  106  9:06  Refinery  
  106  9:09  Hellion  
  111  9:10  Marine  
  111  9:11  Planetary Fortress  
  111  9:15  Missile Turret  
  111  9:16  Marine  
  113  9:19  Missile Turret  
  113  9:20  Widow Mine  
  113  9:23  Marauder, Starport Tech Lab  
  117  9:26  Marauder  
  119  9:31  Armory  
  119  9:33  Barracks, Barracks Tech Lab, Factory Tech Lab  
  82  9:38  Medivac  
  119  9:41  Siege Tank  
  119  9:42  Raven  
  119  9:45  Marauder  
  128  9:48  Marauder  
  128  9:51  Marauder  
  132  9:53  Neosteel Armor  
  132  9:55  Refinery  
  132  9:56  Siege Tank  
  132  9:57  Terran Vehicle Weapons Level 1  
  135  10:06  Marauder  
  137  10:09  Marauder  
  137  10:12  Command Center  
  137  10:13  Marauder, Siege Tank  
  144  10:17  Supply Depot  
  144  10:18  Terran Vehicle And Ship Armor Level 1  
  144  10:22  Marine  
  144  10:23  Marine  
  144  10:24  Raven  
  144  10:25  Marine  
  144  10:28  Marauder, Siege Tank  
  154  10:30  Marine  
  155  10:38  Marine  
  155  10:40  Marine  
  155  10:41  Supply Depot, Marine, Liberator  
  161  10:42  Marine  
  161  10:45  Siege Tank  
  165  10:54  Liberator  
  168  11:00  Siege Tank  
  168  11:03  Marauder  
  173  11:04  Supply Depot  
  173  11:09  Missile Turret, Terran Infantry Weapons Level 3  
  173  11:11  Missile Turret  
  173  11:12  Marauder  
  173  11:17  Cyclone  
  178  11:24  Viking, Marine  
  169  11:25  Refinery, Marine  
  169  11:26  Marine x2  
  169  11:27  Marine  
  169  11:32  Widow Mine  
  134  11:34  Marauder  
  134  11:36  Planetary Fortress  
  134  11:37  Refinery, Command Center  
  110  11:42  Marine  
  110  11:43  Marine  
  110  11:44  Missile Turret  
  110  11:45  Marauder, Marine  
  110  11:46  Missile Turret  
  115  11:48  Marine  
  115  11:49  Cyclone  
  115  11:54  Hellion  
  121  11:55  Marauder  
  121  12:00  Marine  
  124  12:01  Marine  
  124  12:03  Marine  
  124  12:06  Marauder, Marine  
  124  12:07  Medivac  
  131  12:15  Hellion  
  133  12:16  Marine  
  133  12:17  Marine, Medivac  
  133  12:19  Marine  
  133  12:20  Marine, Medivac  
  133  12:21  Siege Tank  
  144  12:25  SCV  
  144  12:28  Marauder  
  146  12:31  Terran Vehicle Weapons Level 2  
  146  12:32  Marine  
  146  12:34  Marauder  
  146  12:35  Marine  
  146  12:36  Widow Mine  
  152  12:37  Marauder, Raven  
  152  12:38  Marine  
  157  12:47  Viking  
  157  12:49  Marine  
  157  12:50  SCV  
  160  12:51  Ghost Academy  
  160  12:54  Siege Tank  
  160  12:56  Marauder  
  160  12:58  Siege Tank  
  168  12:59  Marauder  
  168  13:03  SCV  
  168  13:05  SCV  
  162  13:07  Marauder  
  162  13:08  SCV  
  162  13:11  SCV  
  158  13:15  SCV  
  158  13:17  Marauder, SCV  
  159  13:20  Marauder  
  159  13:25  SCV  
  159  13:26  Hellion  
  164  13:27  Command Center  
  164  13:28  Ghost  
  164  13:29  SCV  
  164  13:30  Hellion, Supply Depot  
  164  13:31  SCV  
  164  13:32  SCV  
  170  13:37  SCV  
  171  13:41  SCV  
  171  13:43  SCV  
  171  13:45  SCV  
  171  13:47  Widow Mine  
  176  13:49  SCV  
  176  13:51  Terran Infantry Armor Level 2, Hellion  
  176  13:53  SCV  
  176  13:55  SCV  
  181  13:58  Missile Turret  
  181  14:01  Supply Depot  
  181  14:04  Marine  
  181  14:06  Marine  
  181  14:07  Marine  
  181  14:08  Marine  
  181  14:09  Hellion  
  125  14:10  Marine x2  
  125  14:13  Missile Turret, Widow Mine  
  118  14:22  Marine  
  118  14:23  Raven  
  118  14:24  Marine  
  119  14:25  Marauder  
  119  14:26  Marine  
  119  14:27  Marine  
  119  14:28  Marine  
  119  14:30  Hellion  
  127  14:34  Hellion  
  129  14:39  Infernal Pre-Igniter  
  129  14:40  Marine  
  129  14:41  Marine  
  129  14:43  Marine  
  129  14:45  Marine  
  132  14:46  Marine  
  132  14:47  Marauder  
  132  14:51  Hellion  
  138  14:55  Siege Tank  
  138  14:58  Marine  
  138  14:59  Marine  
  143  15:01  Marine, Terran Vehicle Weapons Level 3  
  143  15:04  Marauder, Orbital Command  
  146  15:08  Marauder  
  146  15:13  Widow Mine  
  150  15:16  Liberator, Medivac  
  150  15:17  Marine  
  150  15:18  Marauder, Liberator  
  161  15:21  Marine  
  161  15:22  Marine  
  161  15:26  Marauder  
  161  15:28  Hellion  
  167  15:29  Marine  
  167  15:34  Cyclone  
  171  15:39  Marauder  
  173  15:46  Viking, Ghost  
  173  15:47  Marauder  
  173  15:49  Cyclone  
  182  15:51  Marine  
  182  15:52  Marine x2  
  182  15:55  SCV  
  143  16:00  Marine  
  109  16:06  Hellion  
  109  16:08  Marine  
  109  16:09  Marine x2  
  109  16:10  Marine  
  111  16:15  Marine  
  112  16:18  Marauder  
  112  16:21  Hellion  
  112  16:25  SCV  
  107  16:26  Marauder, SCV  
  107  16:27  Marine x2, Siege Tank  
  107  16:28  SCV  
  107  16:30  SCV  
  111  16:34  Marauder  
  111  16:37  SCV  
  111  16:38  SCV  
  111  16:39  Marine  
  118  16:40  Marauder  
  118  16:42  SCV, Widow Mine  
  118  16:44  Marine  
  116  16:49  Raven, SCV  
  116  16:50  SCV  
  111  16:55  SCV  
  111  17:00  Hellion  
  111  17:01  SCV  
  111  17:02  Marauder  
  111  17:04  Marine x3, Siege Tank  
  111  17:07  Marine  
  91  17:11  SCV  
  91  17:15  SCV  
  64  17:21  Thor  
  64  17:22  Marine x2  
  51  17:23  Marauder x2  
  51  17:24  SCV  
  51  17:25  Marine  
  38  17:44  Marauder  
  5  18:35  SCV x2  
  3  18:47  SCV  
  4  18:58  SCV  
  5  19:55  SCV  
  6  20:03  SCV  
  7  20:07  SCV  
  7  20:12  Marine  
  9  20:15  SCV  
  9  20:19  SCV  
  11  20:27  SCV  
  12  20:31  SCV  
  11  20:45  Marine, SCV x2  
  11  20:46  Hellion  
  16  21:03  SCV x2  
  2  21:15  SCV x2  
  3  21:27  SCV  
  4  21:34  SCV  
Tags
 
League
Diamond
Matchup
TvZ
Replay Pack
June 2025
Spawn Locations
Cross Positions
Add a new tag
Caveats
  • Supply blocks, unpowered buildings, or Contaminate may cause inaccurate times.
  • Supply counts are checked every 10 seconds.